AoeStats
← Baltazar

Arena

510115226Analyzed
1v1 RM · 4d ago on Sep 29, 2026· 68m 29s· 2 players
Game mode
Random Map
Map size
Tiny (2 player)
Population
200
Speed
Normal
Resources
Standard
Victory
Conquest
Starting age
Dark Age
Ending age
Imperial Age
RankedLock teamsTeams togetherTeam positionsShared explorationLock speedFull tech treeHidden civsTurbo modeCheats
Victory
Defeat
🇪🇸 Spanish · Spain
455
+16
🇹🇷 Bohemians · Türkiye
457
-16
SATANAS
0:35 Loom
11:53 Feudal Age
20:42 Castle Age
19:06 Double-Bit Axe
19:13 Horse Collar
19:22 Man-at-Arms
20:19 Scale Mail Armor
21:12 Forging
23:03 Long Swordsman
28:38 Chain Mail Armor
35:28 Imperial Age
34:25 Wheelbarrow
33:57 Heavy Plow
33:56 Stone Mining
35:21 Iron Casting
34:47 Gold Mining
35:54 Gambesons
36:09 Squires
35:34 Two-Handed Swordsman
37:45 Hand Cart
41:09 Chemistry
40:31 Ballistics
40:07 Murder Holes
41:41 Champion
44:23 Plate Mail Armor
44:55 Blast Furnace
46:09 Scale Barding Armor
58:02 Conscription
61:46 Pikeman
62:27 Squires
62:12 Arson
64:28 Halberdier
Baltazar
9:45 Feudal Age
11:00 Double-Bit Axe
11:54 Loom
12:57 Horse Collar
18:32 Wheelbarrow
17:45 Town Watch
23:26 Castle Age
21:49 Man-at-Arms
25:54 Long Swordsman
29:07 Heavy Plow
30:30 Squires
33:24 Bow Saw
36:20 Imperial Age
35:33 Arson
35:09 Pikeman
35:48 Crossbowman
38:52 Two-Handed Swordsman
39:35 Husbandry
41:23 Masonry
44:09 Scale Mail Armor
44:15 Scale Barding Armor
44:01 Fletching
44:22 Forging
44:37 Ballistics
44:46 Elite Skirmisher
46:34 Town Patrol
46:50 Hand Cart
49:00 Champion
51:37 Arbalester
54:29 Chemistry
53:19 Heavy Scorpion
60:59 Halberdier
Connection lost

Rejoining the realm…

Still unreachable

The connection could not be restored.

Session expired

The server has moved on; the page needs a fresh start.